 Dungeon Crawl Stone Soup version 0.22-a0-412-g2b68d144a4 (webtiles) character file.

80 Kriby the Ruffian (level 4, 0/44 HPs)
             Began as a Troll Monk on May 12, 2018.
             Slain by a gnoll
             ... wielding a +0 halberd
              (6 damage)
             ... on level 2 of the Dungeon.
             The game lasted 00:00:47 (1407 turns).

Kriby the Ruffian (Troll Monk)                      Turns: 1407, Time: 00:00:48

Health: 0/44       AC:  6    Str: 20    XL:     4   Next: 18%
Magic:  3/3        EV: 11    Int:  6    God:
Gold:   63         SH:  0    Dex: 12    Spells: 3/3 levels left

rFire    . . .     SeeInvis .     - Unarmed
rCold    . . .     Gourm    +   (no shield)
rNeg     . . .     Faith    .   a - +0 robe
rPois    .         Spirit   .   (helmet restricted)
rElec    .         Reflect  .   d - +0 cloak
rCorr    .         Harm     .   (gloves unavailable)
MR       .....                  (boots unavailable)
Stlth    ++........             (no amulet)
HPRegen  0.54/turn              (no ring)
MPRegen  0.08/turn              (no ring)

@: no status effects
A: large, unfitting armour, claws 3, fast metabolism 3, gourmand, regeneration
1, shaggy fur 1, tough skin 2
a: no special abilities


You were on level 2 of the Dungeon.
You were very full.

You visited 1 branch of the dungeon, and saw 2 of its levels.

You collected 63 gold pieces.

Inventory:

Armour
 a - a +0 robe (worn)
 d - a +0 cloak (worn)
Jewellery
 i - an uncursed ring of stealth {unknown}
Scrolls
 c - a scroll of blinking {unknown}
 g - a scroll of identify {unknown}
 h - a scroll of remove curse {unknown}
 j - a scroll of immolation {unknown}
Potions
 e - 2 potions of brilliance {unknown}
 k - a potion of haste {unknown}
Comestibles
 b - 6 rations


   Skills:
 + Level 2.9 Fighting
 + Level 2.9 Dodging
 - Level 1.0 Stealth
 * Level 4.2 Unarmed Combat


You had 3 spell levels left.
You didn't know any spells.
Your spell library was empty.

Dungeon Overview and Level Annotations

Branches:
Dungeon (2/15)

Altars:
Xom


Innate Abilities, Weirdness & Mutations

You are too large for most types of armour.
You have claws for hands.
Your metabolism is lightning-fast.
You like to eat raw meat.
Your natural rate of healing is unusually fast.
You are covered in fur. (AC +1)
You have very tough skin. (AC +2)


Message History

A gnoll is nearby!
You are too injured to fight recklessly!
A gnoll is nearby!
A gnoll is nearby!
You are too injured to fight recklessly!
A gnoll is nearby!
You are too injured to fight recklessly!
You scratch the gnoll.
The gnoll is moderately wounded.
You barely miss the gnoll.
The gnoll is moderately wounded.
The gnoll hits you with a halberd!
* * * LOW HITPOINT WARNING * * *
You scratch the gnoll.
The gnoll is moderately wounded.
The gnoll barely misses you.
You scratch the gnoll.
The gnoll is heavily wounded.
The gnoll hits you with a halberd.
You die...

#.####### ........
###..... #.......
##################.#.....
#.......................#
#.################(####.#
#.#....)g.......<#.# #.#
#.#..).)@........#.# #.#
#.##############.#.# #.#
#.# #.#.# #.# #.# #.#.#
#.# #.# #.#.# #.# #.# #
#.# #.# #
#.##############.# #
#................# #


You could see a gnoll.

Vanquished Creatures
  A hound zombie (D:2)
  2 gnolls (D:2)
  An ooze (D:1)
  2 worms (D:2)
  2 dart slugs
  3 leopard geckos
  2 ball pythons
  3 goblins (D:1)
  5 hobgoblins
  3 frilled lizards
  4 kobolds
  5 rats
33 creatures vanquished.

Notes
Turn   | Place    | Note
-------+----------+-------------------------------------------
     0 | D:1      | Kriby the Troll Monk began the quest for the Orb.
     0 | D:1      | Reached XP level 1. HP: 22/22 MP: 0/0
   222 | D:1      | Reached XP level 2. HP: 25/29 MP: 1/1
   884 | D:2      | Found a shimmering altar of Xom.
   890 | D:2      | Reached XP level 3. HP: 36/36 MP: 2/2
   891 | D:2      | Found a shimmering altar of Xom.
   891 | D:2      | Found a shimmering altar of Xom.
   896 | D:2      | Found a shimmering altar of Xom.
  1295 | D:2      | Reached skill level 4 in Unarmed Combat
  1398 | D:2      | Reached XP level 4. HP: 44/44 MP: 3/3
  1407 | D:2      | Slain by a gnoll

Vault maps used:
D:1:      minmay_arrival_diagonal_passages
D:2:      first_ration, minivault_19, xom_redecorated

Skill      XL: |  1  2  3 |
---------------+----------+-----
Unarmed Combat | 4 |  4.2
Fighting       | |  2.9
Dodging        | |  2.9
Stealth        | |  1.0

Action                   |  1- 3 |  4- 6 || total
-------------------------+-------+-------++-------
Melee: Unarmed           |    70 |     9 ||    79
       Punch             |     2 |       ||     2
 Stab: Sleeping          |     8 |       ||     8
  Eat: Chunk             |    17 |       ||    17
Armor: Robe              |     9 |       ||     9
Dodge: Dodged            |    23 |     3 ||    26

Table legend:
 A = Spawn XP
 B = Non-spawn XP
 C = Spawn XP percentage of total XP
 D = Spawn monster count
 E = Non-spawn monster count
 F = Spawn count percentage of total count
 G = Total turns spent on level
                    A         B        C        D         E        F      G
               +---------+---------+-------+---------+---------+-------+---------
         Total |       0 |     115 |   0.0 |       0 |      33 |   0.0 |  1407
               +---------+---------+-------+---------+---------+-------+---------
           D:1 |       0 |      38 |   0.0 |       0 |      19 |   0.0 |   883
           D:2 |       0 |      77 |   0.0 |       0 |      14 |   0.0 |   524
               +---------+---------+-------+---------+---------+-------+---------
